 Dungeon Crawl Stone Soup version 0.21.0-22-g11d5b52 (webtiles) character file.

3 Monsterracer the Caller (level 1, 0/11 HPs)
             Began as a Gargoyle Summoner on Jan 18, 2018.
             Slain by a gnoll (4 damage)
             ... on level 1 of the Dungeon.
             The game lasted 00:01:02 (266 turns).

Monsterracer the Caller (Gargoyle Summoner)          Turns: 266, Time: 00:01:02

Health: 0/11       AC:  4    Str: 11    XL:     1   Next: 50%
Magic:  0/3        EV: 11    Int: 15    God:
Gold:   24         SH:  0    Dex: 10    Spells: 3/4 levels left

rFire    . . .     SeeInvis .   j - +0 mace
rCold    . . .     Gourm    .   (no shield)
rNeg     + . .     Faith    .   a - +0 robe
rPois    ∞         Spirit   .   (no helmet)
rElec    +         Reflect  .   (no cloak)
rCorr    .         Harm     .   (no gloves)
MR       .....                  (no boots)
Stlth    +.........             (no amulet)
HPRegen  0.03/turn              (no ring)
MPRegen  0.08/turn              (no ring)

@: heavily drained
A: negative energy resistance 1, electricity resistance, unbreathing,
petrification resistance, rot immunity, AC +2
a: no special abilities


You were on level 1 of the Dungeon.
You were not hungry.

You visited 1 branch of the dungeon, and saw 1 of its levels.

You collected 24 gold pieces.

Inventory:

Hand Weapons
 d - a +0 club
 j - a +0 mace (weapon)
Armour
 a - a +0 robe (worn)
 g - a +0 ring mail
Jewellery
 i - an uncursed ring of magical power {unknown}
Scrolls
 e - 2 scrolls of remove curse {unknown}
 h - a scroll of identify {unknown}
Potions
 f - a potion of curing {unknown}
Books
 b - a book of Callings

   Spells                             Type                      Level
   a - Summon Small Mammal            Summoning                    1
   b - Call Imp                       Summoning                    2
   c - Call Canine Familiar           Summoning                    3
   d - Summon Guardian Golem          Hexes/Summoning              3
   e - Summon Lightning Spire         Summoning/Air                4
   f - Summon Ice Beast               Ice/Summoning                4
Comestibles
 c - 2 rations


   Skills:
 + Level 0.4(0.0) Fighting
 * Level 0.6(0.0) Maces & Flails
 - Level 1.5(0.0) Dodging
 - Level 2.1(0.6) Stealth
 - Level 2.0(0.4) Spellcasting
 - Level 3.6(1.9) Summonings


You had 3 spell levels left.
You knew the following spells:

 Your Spells              Type           Power        Failure   Level  Hunger
a - Summon Small Mammal   Summ           #...         12%         1    ##.....


Dungeon Overview and Level Annotations

Branches:
Dungeon (1/15)

Altars:


Innate Abilities, Weirdness & Mutations

You are resistant to torment.
Your stone body is resilient. (AC +2)
You are immune to poison.
You resist negative energy. (rN+)
You are resistant to electric shocks. (rElec)
You can survive without breathing.
You are immune to petrification.
You are immune to rotting.


Message History

Confirm with . or Enter, or press ? or * to list all spells.
You now have 1/3 mp.
You swap places.
Your bat hits the gnoll. The gnoll hits your rat.
Your rat dies!
Your rat's corpse disappears in a puff of smoke!
Your bat barely misses the gnoll.
Your bat hits the gnoll. Your bat hits the gnoll.
Casting: Summon Small Mammal
Confirm with . or Enter, or press ? or * to list all spells.
Your bat hits the gnoll.
You now have 0/3 mp.
Your bat completely misses the gnoll.
The gnoll closely misses your bat.
Your bat hits the gnoll but does no damage.
Your bat closely misses the gnoll.
Your rat completely misses the gnoll.
Your bat hits the gnoll.
Your bat barely misses the gnoll.
Your bat barely misses the gnoll.
Your bat hits the gnoll. The gnoll hits your bat!
Your bat dies!
Your bat's corpse disappears in a puff of smoke!
The gnoll shouts!
Casting: Summon Small Mammal
Confirm with . or Enter, or press ? or * to list all spells.
Your rat bites the gnoll.
The gnoll hits your rat.
Your rat dies!
Your rat's corpse disappears in a puff of smoke!
The gnoll shouts!
You now have 0/3 mp.
A hobgoblin comes into view.
The hobgoblin shouts!
You hear a shout!
The gnoll barely misses your rat.
Your rat bites the gnoll.
Found 15 gold pieces.
A kobold comes into view. It is wielding a whip.
The gnoll hits your rat.
Your rat barely misses the gnoll.
The gnoll hits your rat.
Your rat dies!
Your rat's corpse disappears in a puff of smoke!
You barely miss the hobgoblin. The hobgoblin hits you.
You take 3 damage, and have 8/11 hp.
MASSIVE DAMAGE!!
Casting: Summon Small Mammal
Confirm with . or Enter, or press ? or * to list all spells.
You miscast Summon Small Mammal.
You are very lightly contaminated with residual magic.
Your head hurts.
The hobgoblin hits you.
You take 2 damage, and have 6/11 hp.
You now have 0/3 mp.
Found 11 arrows.
A goblin comes into view.
Casting: Summon Small Mammal
Confirm with . or Enter, or press ? or * to list all spells.
You miscast Summon Small Mammal.
You feel a strange surge of energy! The hobgoblin hits you.
* * * LOW HITPOINT WARNING * * *
You take 3 damage, and have 3/11 hp.
MASSIVE DAMAGE!!
You now have 0/3 mp.
Wield which item (- for none, * to show all)? (? for menu, Esc to quit)
Okay, then.
The hobgoblin hits you but does no damage.
You see here a scroll labeled ETILUB JIDIA.
You see here a mace.
j - a mace Wield which item (- for none, * to show all)? (? for menu, Esc to quit)
j - a +0 mace (weapon)
The hobgoblin hits you but does no damage.
Casting: Summon Small Mammal
Confirm with . or Enter, or press ? or * to list all spells.
The hobgoblin barely misses you.
You now have 1/3 mp.
Your bat hits the hobgoblin. The hobgoblin closely misses your bat.
Your bat barely misses the hobgoblin.
Your bat hits the hobgoblin but does no damage. x2
The hobgoblin closely misses your bat.
Your bat barely misses the hobgoblin.
Your magical contamination has completely faded away.
Your bat barely misses the hobgoblin. x2
The hobgoblin completely misses your bat.
Your bat hits the hobgoblin but does no damage.
Casting: Summon Small Mammal
Confirm with . or Enter, or press ? or * to list all spells.
Your bat misses the hobgoblin. x2; The hobgoblin closely misses your bat.
You now have 0/3 mp.
Your bat hits the hobgoblin.
Your bat barely misses the hobgoblin.
The hobgoblin barely misses your bat.
Your bat hits the hobgoblin but does no damage.
The hobgoblin hits your bat.
Your bat hits the hobgoblin.
Your bat barely misses the hobgoblin.
The hobgoblin hits your bat.
Your bat dies!
Your bat's corpse disappears in a puff of smoke!
Your bat hits the hobgoblin. x2; The hobgoblin misses your bat.
Your bat hits the hobgoblin but does no damage.
Your bat hits the hobgoblin but does no damage.
The hobgoblin hits your bat.
Your bat dies!
Your bat's corpse disappears in a puff of smoke!
The hobgoblin shouts!
You hit the hobgoblin.
You kill the hobgoblin!
There is a stone staircase leading down here.
Casting: Summon Small Mammal
Confirm with . or Enter, or press ? or * to list all spells.
The gnoll hits you.
You die...

#####+#### ####
#......... ...#
#......#####
...####.....K....#
............####g#
.............###g#
...≈............@#
†..≈...#...?.###.#
#..§..#...§g.###b.
#..≈..#..≈....##.##
.#.≈.#..≈.....##.###
.#.≈.#.≈...#........
§.#.#.§..##....#####
.§...≈.##..§...#
#.....#K...§..##


You could see a gnoll, a goblin and a friendly bat.

Vanquished Creatures
  A hobgoblin (D:1)
  A jackal (D:1)
  A bat (D:1)
  A frilled lizard (D:1)
4 creatures vanquished.

Notes
Turn   | Place    | Note
-------+----------+-------------------------------------------
     0 | D:1      | Monsterracer the Gargoyle Summoner began the quest for the Orb.
     0 | D:1      | Reached XP level 1. HP: 10/10 MP: 3/3
   228 | D:1      | HP: 3/11 [hobgoblin (3)]
   266 | D:1      | Slain by a gnoll

Action                   || total
-------------------------++-------
Melee: Club              ||    12
       Mace              ||     1
 Cast: Summon Small Mamm ||     7
 Stab: Sleeping          ||     1
Armor: Robe              ||     7
Dodge: Dodged            ||    11

Vault maps used:
D:1:      minmay_arrival_radiant_lines, minmay_misc_feat_ornament,
          minmay_split_cup_large
